 Dungeon Crawl Stone Soup version 0.30.1-9-gdf580d7c3d (webtiles) character file.

Game seed: 4352558980157821008

1066 CrazyMind the Magician (level 8, -2/56 HPs)
             Began as a Djinni Conjurer on Oct 8, 2023.
             Slain by an orc
             ... wielding a +0 whip
              (5 damage)
             ... on level 6 of the Dungeon.
             The game lasted 00:24:29 (5636 turns).

CrazyMind the Magician (Djinni Conjurer)            Turns: 5636, Time: 00:24:31

Health: -2/56      AC:  2    Str:  6    XL:     8   Next: 53%
Gold:   346        EV: 13    Int: 22    God:
                   SH:  0    Dex: 12

rFire   + + .        o - staff of conjuration "Kiulim" {rPois}
rCold   x . .        (no shield)
rNeg    . . .        a - +0 robe
rPois   ∞            (no helmet)
rElec   .            (no cloak)
rCorr   .            (no gloves)
SInv    .            (boots unavailable)
Will    .....        (no amulet)
Stlth   ++           (no ring)
HPRegen 0.29/turn    (no ring)
MPRegen 0.00/turn

%: infuse magic (-3 HP)
@: flying
A: sickness immunity, fire resistance 2, cold vulnerability 1, float, innate
caster, HP casting, extra vitality 1
a: no special abilities


You were on level 6 of the Dungeon.
You visited 2 branches of the dungeon, and saw 7 of its levels.

You collected 346 gold pieces.

Inventory:

Hand Weapons
 b - a +0 long sword
 c - a +0 dagger
 e - a +0 short sword
Armour
 a - a +0 robe (worn)
 m - a +0 leather armour
 n - the +3 chain mail of the Merchant {*Slow rPois rC+ Stlth+}
   (You found it on level 3 of the Dungeon)

   rC:        It protects you from cold.
   rPois:     It protects you from poison.
   *Slow:     It may slow you when you take damage.
   Stlth:     It makes you more stealthy.
 C - a +0 ring mail of willpower
Magical Staves
 o - the staff of conjuration "Kiulim" (weapon) {rPois}
   (You found it on level 3 of the Dungeon)

   [staff of conjuration]

   Your inability to study Conjurations prevents you from drawing on the full
   power of this staff in melee.
   Base accuracy: +5 Base damage: 5 Base attack delay: 1.2 This weapon's minimum
   attack delay (0.6) is reached at skill level 12.
   rPois:     It protects you from poison.
   It falls into the 'Staves' category.
   It is a one-handed weapon.
Wands
 r - a wand of polymorph (12)
Scrolls
 d - 4 scrolls of identify {unknown}
 f - 4 scrolls of teleportation {unknown}
 g - a scroll of blinking {unknown}
 h - 2 scrolls of enchant armour {unknown}
 k - a scroll of butterflies {unknown}
 s - 4 scrolls of fear {unknown}
 t - a scroll of noise {unknown}
 v - a scroll of amnesia {unknown}
 w - a scroll of enchant weapon {unknown}
 y - a scroll of brand weapon {unknown}
Potions
 p - a potion of magic
 q - a potion of berserk rage {unknown}
 u - a potion of mutation {unknown}
 x - a potion of brilliance {unknown}
 z - a potion of degeneration {unknown}
 A - a potion of haste {unknown}
 B - a potion of attraction {unknown}
 D - a potion of lignification {unknown}


   Skills:
 * Level 3.1 Fighting
 + Level 0.4 Staves
 + Level 3.6 Dodging
 + Level 3.7 Stealth
 * Level 6.6 Spellcasting


You knew the following spells:

 Your Spells              Type           Power      Damage    Failure   Level
a - Magic Dart            Conj           100%       1d8       1%          1
b - Searing Ray           Conj           100%       2d8       1%          2
c - Dazzling Flash        Conj/Hex       100%       N/A       1%          3
d - Fulminant Prism       Conj/Hex       26%        3d14      5%          4
e - Iskenderun's Mystic   Conj/Tloc      53%        2d11      5%          4
f - Summon Small Mammal   Summ           100%       N/A       1%          1
g - Momentum Strike       Conj/Tloc      100%       3d10      1%          2
h - Confusing Touch       Hex            36%        N/A       1%          3
Your spell library was empty.

Dungeon Overview and Level Annotations

Branches:
Dungeon (6/15) Zot: 26270  Temple (1/1) D:5 Zot: 5719

Altars:
Ashenzari
Cheibriados
Dithmenos
Elyvilon
Fedhas
Hepliaklqana
Nemelex Xobeh
Qazlal
Trog
Xom
Yredelemnul

Shops:
D:6 *


Innate Abilities, Weirdness & Mutations

You are immune to sickness and miasma.
You are immune to poison.
Your flesh is very heat resistant. (rF++)
You are vulnerable to cold. (rC-)
You float through the air rather than walking.
You learn spells naturally, not from books.
Your magical power is your life essence.
You have superior vitality. (+4 MHP)


Message History

* * * LOW HITPOINT WARNING * * *
Something hits you.
* * * LOW HITPOINT WARNING * * *
The orc misses you.
You feel much better.
The orc priest looks braver for a moment.
Something hits you but does no damage. The orc closely misses you.
The orc hits you with a +0 whip.
It was a potion of cancellation.
Your magical effects are unravelling.
You feel magically purged.
You feel less confused.
You feel a little less mighty now.
The orc priest mumbles some strange prayers to Beogh against you.
You struggle to resist.
The orc barely misses you.
You hear some strange, mumbled words.
A puff of flame appears from out of thin air!
The puff of flame hits you. You resist. The orc hits you with a +0 whip.
Unknown command.
Unknown command.
Casting: Searing Ray (safe; 1% risk of failure)
Confirm with . or Enter, or press ? or * to list all spells.
Aiming: Searing Ray (safe; 1% risk of failure)
Press: ? - help, Shift-Dir - straight line You feel a surge of power!
The searing ray hits something. (Press . to maintain the ray.)
The orc priest hits you with a +0 hand axe.
Something hits you. The orc barely misses you. The orc hits you with a +0 whip.
Unknown command.
The searing ray hits something.
The orc priest barely misses you. Something hits you but does no damage.
The orc hits you with a +0 mace. The orc hits you with a +0 whip.
* * * LOW HITPOINT WARNING * * *
* * * LOW HITPOINT WARNING * * *
The orc priest begins to cast a cantrip, but forgets the words!
Something hits you.
* * * LOW HITPOINT WARNING * * *
The orc hits you with a +0 mace!
* * * LOW HITPOINT WARNING * * *
The orc hits you with a +0 whip.
You die...

.........#.#.....
.........#.#.####
##########.#.# . ..#.####
#.# ####### ..#.....
....##.....# ...#....#
#........+.......#..... #
#.#.....#...########.# #.
..+.o@..#............. ##
#.##.#.o{o.#...########.#
....#?.#.#.....#...# ##.#
.....o...#.....#...#
####...
....o.#..#.....#...#
#...... ....o
#............## #......
....
##............###......
...
###..........#........ ##
#?.........'.#......


You could see an orc priest and 2 orcs.

Vanquished Creatures
  A phantom (D:5)
  A bullfrog (D:6)
  2 scorpions (D:6)
  2 jellies
  2 hounds
  2 orc priests
  Terence (D:2)
  3 orc wizards
  3 iguanas
  6 adders
  A shadow imp (D:4)
  2 white imps (D:4)
  6 ufetubi
  2 worms
  A dart slug (D:2)
  10 orcs
  9 ball pythons
  10 endoplasms
  3 giant cockroaches
  8 goblins
  9 hobgoblins
  7 kobolds
  2 quokkas
  6 bats
  5 frilled lizards
  4 rats
108 creatures vanquished.

Vanquished Creatures (collateral kills)
  A wraith (D:5)
  An ogre (D:4)
  An adder (D:2)
  2 kobolds
5 creatures vanquished.

Grand Total: 113 creatures vanquished

Notes
Turn   | Place    | Note
-------+----------+-------------------------------------------
     0 | D:1      | CrazyMind the Djinni Conjurer began the quest for the Orb.
     0 | D:1      | CrazyMind set off with the following spells memorised:
                  | Magic Dart, Searing Ray, Dazzling Flash, Fulminant Prism,
                  | Iskenderun's Mystic Blast.
     0 | D:1      | Reached XP level 1. HP: 15/15 MP: 0/0
   124 | D:1      | Reached XP level 2. HP: 22/22 MP: 0/0
   525 | D:1      | Found a faded altar of an unknown god.
   696 | D:2      | Reached XP level 3. HP: 24/26 MP: 0/0
   696 | D:2      | Learned a level 1 spell: Summon Small Mammal
   698 | D:2      | Reached skill level 1 in Fighting
   923 | D:2      | Reached skill level 4 in Spellcasting
  1108 | D:2      | Reached XP level 4. HP: 32/32 MP: 0/0
  1261 | D:2      | Noticed Terence
  1628 | D:2      | Killed Terence
  1725 | D:2      | Reached XP level 5. HP: 34/37 MP: 0/0
  1725 | D:2      | Learned a level 2 spell: Momentum Strike
  1980 | D:3      | Identified the +3 chain mail of the Merchant {*Slow rPois
                  | rC+ Stlth+}
  1991 | D:3      | Identified the staff of conjuration "Kiulim" {rPois}
  3021 | D:4      | Reached XP level 6. HP: 40/43 MP: 0/0
  3151 | D:4      | Reached skill level 5 in Spellcasting
  3202 | D:4      | Noticed an ogre
  3215 | D:4      | Killed an ogre
  3249 | D:4      | Reached XP level 7. HP: 36/49 MP: 0/0
  3249 | D:4      | Learned a level 3 spell: Confusing Touch
  3614 | D:5      | Entered Level 5 of the Dungeon
  3615 | D:5      | Found a snail-covered altar of Cheibriados.
  3729 | D:5      | Found a staircase to the Ecumenical Temple.
  3735 | Temple   | Entered the Ecumenical Temple
  4135 | D:5      | Noticed a wraith
  4141 | D:5      | Killed a wraith
  4476 | D:5      | Found a shimmering altar of Xom.
  4477 | D:5      | Found a shimmering altar of Xom.
  4478 | D:5      | Found a shimmering altar of Xom.
  4479 | D:5      | Found a shimmering altar of Xom.
  4781 | D:5      | Reached skill level 6 in Spellcasting
  5008 | D:6      | Reached XP level 8. HP: 52/55 MP: 0/0
  5545 | D:6      | Found Ridosara's General Store.
  5636 | D:6      | Slain by an orc

Illustrated notes

Levels and vault maps discovered:
D:1:      evilmike_arrival_crescent, layout_rooms,
          ebering_ecumenical_altar_petrified
D:2:      layout_loops_ring, kennysheep_donut, uniq_terence
D:3:      layout_basic, hangedman_feature_mirror, dk_vineyard_2
D:4:      layout_rooms, serial_demonic, serial_demonic_e, serial_demonic_a,
          serial_demonic_a, serial_demonic_e
D:5:      layout_loops_corners, xom_redecorated,
          mainiacjoe_overflow_small_starburst,
          minmay_temple_entry_enclosed_plants, minmay_gold_behind_fungi
D:6:      layout_basic, serial_shops, shop, minmay_liquid_box,
          minmay_misc_feat_tower, minmay_ogre_servants
Temple:   jpeg_temple_island

Skill      XL: |  1  2  3  4  5  6  7  8 |
---------------+-------------------------+-----
Fighting       | 1 2 3 |  3.1
Spellcasting   | 4 5 6 |  6.6
Stealth        | 2 3 |  3.7
Dodging        | 3 |  3.6
Staves         | |  0.4

Action                     |  1- 3 |  4- 6 |  7- 9 || total
---------------------------+-------+-------+-------++-------
  Melee: Unarmed           |     2 |       |       ||     2
         Dagger            |     4 |    17 |       ||    21
         Staff             |       |     8 |    11 ||    19
   Cast: Magic Dart        |    37 |    12 |     8 ||    57
         Searing Ray       |     6 |    37 |    21 ||    64
         Summon Small Mamm |     3 |     4 |     4 ||    11
         Momentum Strike   |       |     3 |     2 ||     5
    Use: Potion            |       |       |     6 ||     6
   Stab: Sleeping          |     1 |     2 |     4 ||     7
 Armour: Robe              |     6 |     9 |     6 ||    21
  Dodge: Dodged            |    18 |    49 |    34 ||   101
